 Dungeon Crawl Stone Soup version 0.30-a0-4-ga7cffc901d (webtiles) character file.

Game seed: 16658681519063273072

1344 KleinerIrrer the Summoner (level 8, -1/45 (46) HPs)
             Began as an Octopode Summoner on Aug 21, 2022.
             Was an Initiate of Gozag.
             Shot with an arrow by a centaur (9 damage)
             ... on level 6 of the Dungeon.
             The game lasted 00:15:07 (5587 turns).

KleinerIrrer the Summoner (Octopode Summoner)       Turns: 5587, Time: 00:15:08

HP:   -1/45 (46)    AC:  1    Str: 13    XL:     8   Next: 62%
MP:   11/18         EV: 13    Int: 19    God:    Gozag
Gold: 345           SH:  0    Dex: 13    Spells: 14/20 levels left

rFire   . . .      SeeInvis .    f - +0 dagger (venom)
rCold   + . .      Faith    .    (no shield)
rNeg    . . .      Spirit   .    (helmet restricted)
rPois   .          Reflect  .    (no amulet)
rElec   .          Harm     .    d - +6 ring of strength
rCorr   .          Rampage  .    n - ring of protection from cold
Will    .....                    (no ring)
Stlth   +++.......               (no ring)
HPRegen 0.15/turn                (no ring)
MPRegen 0.16/turn                (no ring)
                                 (no ring)
                                 (no ring)

@: lightly drained
A: almost no armour, amphibious, 8 rings, camouflage 1, gelatinous body 1,
(nimble swimmer 1), tentacles
a: Renounce Religion, Potion Petition, Call Merchant, Bribe Branch


You were on level 6 of the Dungeon.
You worshipped Gozag.
Gozag was aware of your devotion.
You visited 2 branches of the dungeon, and saw 7 of its levels.

You collected 514 gold pieces.
You spent 50 gold pieces at shops.
You paid 119 gold pieces to Gozag.

Inventory:

Hand Weapons
 f - a +0 dagger of venom (weapon)
Jewellery
 d - a +6 ring of strength (left tentacle)
 n - a ring of protection from cold (right tentacle)
Wands
 e - a wand of polymorph (2)
 h - a wand of paralysis (13)
Scrolls
 i - a scroll of brand weapon
 j - a scroll of blinking {unknown}
 q - a scroll of silence {unknown}
 r - a scroll of amnesia {unknown}
Potions
 a - a potion of magic
 b - 2 potions of resistance
 c - a potion of flight
 g - 4 potions of curing
 m - a potion of degeneration


   Skills:
 - Level 2.0 Dodging
 - Level 2.6 Stealth
 + Level 6.9 Spellcasting
 + Level 8.3 Summonings


You had 14 spell levels left.
You knew the following spells:

 Your Spells              Type           Power      Damage    Failure   Level
a - Summon Small Mammal   Summ           100%       N/A       1%          1
b - Call Imp              Summ           38%        N/A       1%          2
c - Call Canine Familiar  Summ           38%        N/A       1%          3

Your spell library contained the following spells:

 Spells                   Type           Power      Damage    Failure   Level
 Summon Guardian Golem    Hex/Summ       22%        N/A       5%          3
 Freeze                   Ice            24%        1d5       11%         1
 Shock                    Conj/Air       24%        1d4       11%         1
 Ensorcelled Hibernation  Hex/Ice        12%        N/A       16%         2
 Passwall                 Tmut/Erth      5%         N/A       16%         2
 Summon Lightning Spire   Summ/Air       22%        N/A       19%         4
 Frozen Ramparts          Ice            12%        1d2       30%         3
 Ozocubu's Armour         Ice            6%         N/A       30%         3
 Spider Form              Tmut/Pois      6%         N/A       30%         3
 Swiftness                Air            6%         N/A       30%         3
 Tukima's Dance           Hex            6%         N/A       30%         3
 Summon Mana Viper        Hex/Summ       22%        N/A       45%         5
 Summon Cactus Giant      Summ           19%        N/A       45%         6
 Airstrike                Air            3%         2d(1-17)  71%         4
 Anguish                  Hex/Necr       3%         N/A       71%         4
 Hailstorm                Conj/Ice       6%         3d4       71%         4
 Passage of Golubria      Tloc           6%         N/A       71%         4
 Monstrous Menagerie      Summ           19%        N/A       95%         7
 Yara's Violent Unravell  Hex/Tmut       3%         3d4       96%         5
 Ozocubu's Refrigeration  Ice            3%         4d8       100%        7
 Death's Door             Necr           3%         N/A       100%        9


Dungeon Overview and Level Annotations

Branches:
Dungeon (6/15)             Temple (1/1) D:5

Altars:
Ashenzari
Cheibriados
Dithmenos
Elyvilon
Fedhas
Gozag
Hepliaklqana
Kikubaaqudgha
Makhleb
Nemelex Xobeh
Qazlal
Ru
Sif Muna
Uskayaw
Vehumet
Wu Jian
Xom
Yredelemnul
Zin
The Shining One

Shops:
D:1 ?


Innate Abilities, Weirdness & Mutations

You cannot wear most types of armour.
You are amphibious.
You can wear up to eight rings at the same time.
Your skin changes colour to match your surroundings (Stealth+).
Your rubbery body absorbs attacks. (AC +1, EV +1)
((You are camouflaged when in or above water. (Stealth+)))
You have tentacles for arms and can constrict up to eight enemies at once.


Message History

As you read the scroll of teleportation, it crumbles to dust.
You feel strangely unstable. The centaur hits you.
* * * LOW HITPOINT WARNING * * *
The centaur closely misses you.
The centaur shoots an arrow.
The arrow misses you. The centaur misses you. The centaur kicks you.
* * * LOW HITPOINT WARNING * * *
As you read the scroll of summoning, it crumbles to dust.
Wisps of shadow whirl around you...
The centaur shoots an arrow.
The arrow hits your gnoll. The centaur closely misses you.
The centaur completely misses you.
The centaur shoots an arrow.
The arrow hits your gnoll!
Your gnoll dies!
Your gnoll's corpse dissolves into shadows!
You feel better.
Your surroundings suddenly seem different.
The centaur wields a +0 shortbow.
The centaur shoots an arrow.
The arrow hits your gnoll!
The centaur shoots an arrow.
The arrow hits your gnoll.
Your gnoll dies!
Your gnoll's corpse dissolves into shadows!
An ice beast comes into view.
Okay, then.
You are too injured to fight recklessly!
Unknown command.
Unknown command.
Unknown command.
Okay, then.
Casting: Call Imp (safe; 1% risk of failure)
Confirm with . or Enter, or press ? or * to list all spells.
Something closely misses your wolf. Something misses your wolf.
The centaur wields a +0 shortbow.
The centaur shoots an arrow.
The arrow hits your wolf.
The centaur shoots an arrow.
The arrow hits your wolf!
The centaur unwields a +0 shortbow.
The centaur hits your wolf.
The centaur kicks your wolf but does no damage.
Your wolf bites the centaur!
The centaur wields a +0 shortbow.
The centaur shoots an arrow.
The arrow closely misses your wolf. The arrow hits you!
You die...
Your body crumbles into a pile of gold.

#s.g....c..#.#
##..##.##..#.#
#.##...##.#>#
#Y#..##.#...#
#....:..........#
#.#g##..#.###.#.#
#.##s..##.... #
#..##g##..#####
##..ch.@.......
#.##Y########.
#.##.# #.##....#
#.#####.# #.. #
#### $


You could see an ice beast, a centaur (ally target), a friendly ice beast
(summoned), a friendly wolf (summoned), a friendly gnoll bouda (summoned), a
friendly scorpion (summoned) and a friendly gnoll (summoned).

Vanquished Creatures
  A black bear (D:5)
  A bullfrog (D:5)
  An adder (D:3)
  An orc (D:5)
  A ball python (D:2)
  A bat (D:1)
  A goblin (D:3)
  A jackal (D:1)
  A quokka (D:3)
  A rat (D:3)
10 creatures vanquished.

Vanquished Creatures (collateral kills)
  Sigmund (D:3)
  Pargi (D:3)
  A black bear (D:5)
  An ice beast (D:5)
  2 ogres (D:5)
  A phantom (D:5)
  2 necrophages
  3 hounds (D:5)
  Jessica (D:3)
  2 iguanas
  Terence (D:3)
  Robin (D:3)
  5 adders
  2 shadow imps (D:5)
  2 white imps (D:5)
  A worm (D:4)
  A dart slug (D:1)
  2 orcs (D:5)
  9 ball pythons
  A bat (D:2)
  8 endoplasms
  6 giant cockroaches
  11 goblins
  11 hobgoblins
  7 jackals
  6 kobolds
  3 quokkas
  4 frilled lizards
  4 rats
100 creatures vanquished.

Grand Total: 110 creatures vanquished

Notes
Turn   | Place    | Note
-------+----------+-------------------------------------------
     0 | D:1      | KleinerIrrer the Octopode Summoner began the quest for the
                  | Orb.
     0 | D:1      | Reached XP level 1. HP: 11/11 MP: 3/3
   356 | D:1      | Reached XP level 2. HP: 16/17 MP: 0/5
   609 | D:1      | Found Esicheer's Magic Scroll Emporium.
   639 | D:1      | Bought a scroll of identify for 20 gold pieces
   639 | D:1      | Bought a scroll of teleportation for 30 gold pieces
   676 | D:1      | Found a faded altar of an unknown god.
   691 | D:1      | Reached XP level 3. HP: 16/21 MP: 4/6
  1013 | D:1      | Learned a level 2 spell: Call Imp
  1017 | D:1      | Learned a level 3 spell: Call Canine Familiar
  1638 | D:2      | Reached XP level 4. HP: 23/27 MP: 3/8
  2270 | D:3      | Noticed Terence
  2276 | D:3      | Killed Terence
  2277 | D:3      | Reached skill level 5 in Summonings
  2369 | D:3      | Noticed Robin
  2388 | D:3      | Killed Robin
  2389 | D:3      | Reached XP level 5. HP: 18/31 MP: 4/10
  2548 | D:3      | Noticed Pargi
  2571 | D:3      | Killed Pargi
  2699 | D:3      | Reached XP level 6. HP: 36/36 MP: 8/12
  2739 | D:3      | Noticed Jessica
  2748 | D:3      | Killed Jessica
  3067 | D:3      | Noticed Sigmund
  3078 | D:3      | Killed Sigmund
  3079 | D:3      | Reached skill level 6 in Summonings
  3079 | D:3      | Reached XP level 7. HP: 34/41 MP: 6/14
  3396 | D:4      | Reached skill level 5 in Spellcasting
  4090 | D:5      | Entered Level 5 of the Dungeon
  4214 | D:5      | Found a staircase to the Ecumenical Temple.
  4219 | Temple   | Entered the Ecumenical Temple
  4296 | Temple   | Became a worshipper of Gozag Ym Sagoz the Greedy
  4359 | D:5      | Reached skill level 7 in Summonings
  4596 | D:5      | Reached XP level 8. HP: 46/46 MP: 15/17
  4915 | D:5      | Reached skill level 8 in Summonings
  5309 | D:6      | Identified a scroll of acquirement
  5309 | D:6      | Acquired the Volume of Unhallowed Magic and the Comitatus
  5572 | D:6      | HP: 2/45 [centaur (1)]
  5587 | D:6      | Shot with an arrow by a centaur

Illustrated notes

Levels and vault maps discovered:
D:1:      dpeg_arrival_pond, layout_rooms, serial_shops, shop,
          hellmonk_ecumenical_altar_dog_temple
D:2:      minmay_razor_zed, layout_basic
D:3:      layout_rooms, nicolae_kite_square_tiling_tiny, uniq_robin,
          uniq_jessica, uniq_pargi, uniq_sigmund, uniq_terence
D:4:      layout_basic, minivault_23, abandoned_shop
D:5:      layout_rooms, minmay_temple_entry_glassed_door,
          kennysheep_generic_room_2
D:6:      layout_basic, serial_shops, shop, enter_ossuary_4,
          gammafunk_ghost_necromancy, kennysheep_small_spiral,
          chequers_serial_rivers_micro_b, minmay_manual_mares,
          uniq_crazy_yiuf_cottage
Temple:   compressed_dpeg_triangle_lava_temple

Skill      XL: |  1  2  3  4  5  6  7  8 |
---------------+-------------------------+-----
Spellcasting   | 3 4 6 |  6.9
Summonings     | 5 6 7 8 |  8.3
Dodging        | |  2.0
Stealth        | |  2.6

Action                   |  1- 3 |  4- 6 |  7- 9 || total
-------------------------+-------+-------+-------++-------
Melee: Unarmed           |    11 |     4 |       ||    15
       Constrict         |     4 |     3 |     5 ||    12
       Tentacles         |     1 |       |     5 ||     6
       Dagger            |       |     4 |    25 ||    29
       Punch             |       |       |     1 ||     1
 Cast: Summon Small Mamm |    32 |     7 |     1 ||    40
       Call Imp          |     7 |    13 |    16 ||    36
       Call Canine Famil |     1 |     8 |    18 ||    27
  Use: Scroll            |     1 |     1 |     8 ||    10
       Potion            |       |       |     3 ||     3
 Stab: Sleeping          |       |     1 |       ||     1
Armor: Skin              |     4 |     7 |     4 ||    15
Dodge: Dodged            |    33 |    25 |    30 ||    88

Table legend: (Time is in decaauts)
 A = Elapsed time spent in this place.
 B = Non-inter-level travel time spent in this place.
 C = Inter-level travel time spent in this place.
 D = Time resting spent in this place.
 E = Time spent auto-exploring this place.
 F = Levels seen in this place.
 G = Mean time per level.
                   A        B        C        D        E       F      G
               +--------+--------+--------+--------+--------+-----+--------+
         Total |   5585 |   5431 |    154 |    428 |   3873 |   7 |  797.9 |
       Dungeon |   5497 |   5352 |    145 |    428 |   3818 |   6 |  916.2 |
        Temple |     87 |     78 |      9 |      0 |     55 |   1 |   87.0 |
               +--------+--------+--------+--------+--------+-----+--------+

Top non-repeatable levels by time:
     D:5: 1304 daAuts
     D:1: 1152 daAuts
     D:2: 1117 daAuts
     D:3: 919 daAuts
     D:4: 898 daAuts
     D:6: 105 daAuts
  Temple: 87 daAuts
